 Dungeon Crawl Stone Soup version 0.31-a0-1522-g43313d8a59 (webtiles) character file.

Game seed: 1727870365022846402

360 wildpjah the Slasher (level 6, -1/46 HPs)
             Began as a Merfolk Gladiator on Dec 30, 2023.
             Slain by an orc
             ... wielding a +0 trident
              (4 damage)
             ... on level 4 of the Dungeon.
             The game lasted 00:06:29 (3613 turns).

wildpjah the Slasher (Merfolk Gladiator)            Turns: 3613, Time: 00:06:30

Health: -1/46      AC:  6    Str: 14    XL:     6   Next: 65%
Magic:  6/6        EV: 14    Int:  7    God:
Gold:   120        SH:  0    Dex: 18    Spells: 5/5 levels left

rFire   . . .        q - +0 long sword
rCold   . . .        (no shield)
rNeg    . . .        b - +0 leather armour
rPois   .            c - +0 helmet
rElec   .            r - scarf {repulsion}
rCorr   .            (no gloves)
SInv    .            f - +1 pair of boots
Will    .....        (no amulet)
Stlth   +            (no ring)
HPRegen 0.27/turn    (no ring)
MPRegen 0.10/turn

%: repel missiles
@: weakened
A: (nimble swimmer 2), mertail
a: no special abilities


You were on level 4 of the Dungeon.
You visited 1 branch of the dungeon, and saw 4 of its levels.

You collected 169 gold pieces.
You spent 49 gold pieces at shops.

Inventory:

Hand Weapons
 a - a +0 trident
 q - a +0 long sword (weapon)
Armour
 b - a +0 leather armour (worn)
 c - a +0 helmet (worn)
 f - a +1 pair of boots (worn)
 r - a scarf of repulsion (worn)
Wands
 l - a wand of mindburst (7) (quivered)
Scrolls
 g - a scroll of torment {unknown}
 h - a scroll of immolation {unknown}
 k - 2 scrolls of identify {unknown}
 m - a scroll of teleportation {unknown}
 s - a scroll of blinking {unknown}
 t - 4 scrolls of enchant armour {unknown}
 u - a scroll of revelation {unknown}
Potions
 j - a potion of invisibility {unknown}
 o - a potion of resistance


   Skills:
 - Level 2.8 Fighting
 + Level 6.3 Long Blades
 - Level 5.1 Polearms
 - Level 2.1 Throwing
 - Level 0.6 Armour
 - Level 4.5 Dodging
 - Level 0.2 Stealth


You had 5 spell levels left.
You didn't know any spells.
Your spell library contained the following spells:

 Spells                   Type           Power      Damage    Failure   Level
 Necrotise                Necr           0%         1d4       52%         1
 Sublimation of Blood     Necr           0%         N/A       65%         2
 Vampiric Draining        Necr           0%         2d6       87%         3
 Martyr's Knell           Necr/Summ      0%         N/A       99%         4
 Petrify                  Alch/Erth      0%         N/A       99%         4
 Curse of Agony           Necr           0%         N/A       100%        5
 Irradiate                Conj/Alch      0%         3d11      100%        5


Dungeon Overview and Level Annotations

Branches:
Dungeon (4/15)
 Temple: D:4-7

Altars:
Nemelex Xobeh
Xom

Shops:
D:3 (

Annotations:
D:3 1 runed translucent door, AstroCodex24's ghost, weakling DgFi
D:4 1 transporter


Innate Abilities, Weirdness & Mutations

((You are very nimble when in or above water. (Stealth+, EV+, Speed+++)))
Your lower body shifts to a powerful aquatic tail in water.


Message History

The orc hits you but does no damage.
You barely miss the gnoll bouda.
The gnoll bouda is lightly wounded.
The goblin barely misses you. The orc closely misses you.
The gnoll bouda hits you with a +0 club.
You hit the goblin.
You kill the goblin!
You hit the gnoll bouda.
The gnoll bouda is moderately wounded.
The orc hits you from afar with a +0 trident.
The gnoll bouda gazes fiercely through you!
You feel your attacks grow feeble. The gnoll bouda barely misses you.
You barely miss the gnoll bouda.
The gnoll bouda is moderately wounded.
The orc hits you but does no damage. The gnoll bouda misses you.
You slash the gnoll bouda!
The gnoll bouda is severely wounded.
The orc closely misses you.
The gnoll bouda gazes fiercely through you!
You feel as though you will be weak longer.
The gnoll bouda misses you.
You hit the gnoll bouda but do no damage.
The gnoll bouda is severely wounded.
The orc hits you from afar with a +0 trident.
The gnoll bouda hits you with a +0 club.
You hit the gnoll bouda.
The gnoll bouda is severely wounded.
The orc completely misses you.
The gnoll bouda hits you with a +0 club.
You completely miss the gnoll bouda.
The gnoll bouda is severely wounded.
The orc hits you from afar with a +0 trident.
* * * LOW HITPOINT WARNING * * *
The gnoll bouda closely misses you. The orc hits you but does no damage.
It was a potion of magic.
Magic courses through your body.
The gnoll bouda hits you with a +0 club.
* * * LOW HITPOINT WARNING * * *
The orc hits you from afar with a +0 trident.
You die...

...## ▓©.8). ###.#.##########
#. ....###▓..!..
#........(.....# #.
......#▓⌠...⌠
#.....########.###.
....###▓▓▓▓▓▓
###...###.......... ....#
#............###. #.#.#
#..####.###..###. ###.# #..#
#.# #...... #.# ##########.#
#.# #......
#.#####.......@##########.####.
#.......#......ggo).(#.........
#########..##..#o....####.#####
#..##..#..#..# #.#
#......#..g..# #.#
#......#..... #.#
###########'#####.# # #.. #..
.##....# # #.. .g.o##.####


You could see a gnoll bouda, 2 orcs and 2 goblins.

Vanquished Creatures
  An acid dragon (D:4)
  2 orc priests (D:4)
  A hound (D:3)
  2 orc wizards (D:4)
  A sleepcap (D:4)
  2 adders (D:4)
  2 dart slugs
  3 ribbon worms (D:2)
  2 orcs (D:4)
  3 bats
  4 endoplasms
  5 giant cockroaches
  7 goblins
  7 hobgoblins
  2 jackals (D:4)
  5 quokkas
  6 ball pythons
  2 frilled lizards
  4 kobolds
  5 rats
66 creatures vanquished.

Vanquished Creatures (others)
  An orc wizard (D:4)
1 creature vanquished.

Grand Total: 67 creatures vanquished

Notes
Turn   | Place    | Note
-------+----------+-------------------------------------------
     0 | D:1      | wildpjah the Merfolk Gladiator began the quest for the Orb.
     0 | D:1      | Reached XP level 1. HP: 16/16 MP: 1/1
   204 | D:1      | Reached XP level 2. HP: 22/22 MP: 2/2
   616 | D:1      | Reached XP level 3. HP: 28/28 MP: 3/3
   952 | D:2      | Found a shimmering altar of Xom.
  1328 | D:2      | Reached skill level 5 in Polearms
  1699 | D:3      | Reached XP level 4. HP: 34/34 MP: 4/4
  1801 | D:3      | Found a runed translucent door.
  1801 | D:3      | Noticed AstroCodex24's ghost (weakling DgFi)
  1986 | D:3      | Found Nuphac's Weapon Shop.
  1994 | D:3      | Bought a +0 long sword for 49 gold pieces
  2317 | D:3      | Reached skill level 2 in Long Blades
  2732 | D:4      | Reached XP level 5. HP: 11/40 MP: 5/5
  2736 | D:4      | Reached skill level 3 in Long Blades
  2741 | D:4      | HP: 1/40 [orc priest/+0 mace (6)]
  3063 | D:4      | Reached skill level 4 in Long Blades
  3297 | D:4      | Found a sparkling altar of Nemelex Xobeh.
  3297 | D:4      | Found a transporter.
  3297 | D:4      | Noticed a kobold brigand
  3298 | D:4      | Noticed a steam dragon
  3583 | D:4      | Noticed an acid dragon
  3586 | D:4      | Reached XP level 6. HP: 46/46 MP: 6/6
  3592 | D:4      | Killed an acid dragon
  3593 | D:4      | Reached skill level 6 in Long Blades
  3613 | D:4      | Slain by an orc

Illustrated notes

Levels and vault maps discovered:
D:1:      dpeg_arrival_three_bigger_balls, layout_basic
D:2:      layout_basic, basic_altar
D:3:      layout_basic, serial_shops, nicolae_shop_tiny_waterfront,
          hellmonk_ghost_happy_afterlife
D:4:      minmay_clustersquares, layout_loops_ring, grunt_nemelex_the_gamble

Skill      XL: |  1  2  3  4  5  6 |
---------------+-------------------+-----
Polearms       | 5 |  5.1
Long Blades    | 2 4 6 |  6.3
Fighting       | |  2.8
Throwing       | |  2.1
Armour         | |  0.6
Dodging        | |  4.5
Stealth        | |  0.2

Action                     |  1- 3 |  4- 6 || total
---------------------------+-------+-------++-------
  Melee: Trident           |   148 |     7 ||   155
         Punch             |     1 |       ||     1
         Long sword        |       |    98 ||    98
  Throw: Javelin           |       |     2 ||     2
         Throwing net      |       |     3 ||     3
  Evoke: Wand              |       |     4 ||     4
    Use: Potion            |       |     6 ||     6
   Stab: Sleeping          |     5 |     1 ||     6
         Held in net/web   |       |     1 ||     1
 Armour: Leather armour    |    42 |    62 ||   104
  Dodge: Dodged            |    77 |    91 ||   168
         Repelled          |       |     2 ||     2

Table legend: (Time is in decaauts)
 A = Elapsed time spent in this place.
 B = Non-inter-level travel time spent in this place.
 C = Inter-level travel time spent in this place.
 D = Time resting spent in this place.
 E = Time spent auto-exploring this place.
 F = Levels seen in this place.
 G = Mean time per level.
                   A        B        C        D        E       F      G
               +--------+--------+--------+--------+--------+-----+--------+
         Total |   3627 |   3578 |     49 |      0 |   3033 |   4 |  906.8 |
       Dungeon |   3627 |   3578 |     49 |      0 |   3033 |   4 |  906.8 |
               +--------+--------+--------+--------+--------+-----+--------+

Top non-repeatable levels by time:
     D:4: 982 daAuts
     D:3: 981 daAuts
     D:1: 959 daAuts
     D:2: 703 daAuts
